 Dungeon Crawl Stone Soup version 0.19.0-9-gfd783f2 (webtiles) character file.

82 kae the Cudgeler (level 4, 0/35 HPs)
             Began as a Formicid Fighter on Nov 7, 2016.
             Slain by a centaur (6 damage)
             ... on level 3 of the Dungeon.
             The game lasted 00:01:21 (1692 turns).

kae the Cudgeler (Formicid Fighter)                 Turns: 1692, Time: 00:01:22

Health: 0/35       AC:  6    Str: 27    XL:     4   Next: 70%
Magic:  4/4        EV:  7    Int:  7    God:
Gold:   59         SH:  9    Dex: 10    Spells: 0 memorised, 3 levels left

rFire  x . .     SeeInvis +     a - +0 flail
rCold  + . .     Gourm    .     b - +0 scale mail
rNeg   . . .     Faith    .     c - +0 shield
rPois  .         Spirit   .     (helmet unavailable)
rElec  .         Reflect  .     (no cloak)
rCorr  .         Harm     .     (no gloves)
MR     .....                    (no boots)
Stlth  ..........               i - amulet of regeneration
                                (no ring)
                                n - ring of ice

@: mighty, heavily drained
A: permanent stasis, dig shafts and tunnels, four strong arms, antennae 3
a: Dig, Shaft Self


You were on level 3 of the Dungeon.
You were not hungry.

You visited 1 branch of the dungeon, and saw 3 of its levels.

You collected 59 gold pieces.

Inventory:

Hand Weapons
 a - a +0 flail (weapon)
Armour
 b - a +0 scale mail (worn)
 c - a +0 shield (worn)
Jewellery
 i - an amulet of regeneration (around neck)
 m - an uncursed amulet of harm
 n - a ring of ice (left hand)
Scrolls
 e - 3 scrolls of identify
 j - a scroll of amnesia {unknown}
Potions
 o - a potion of berserk rage
Comestibles
 f - a bread ration
 g - 2 meat rations
 h - a beef jerky
 k - 3 fruits


   Skills:
 - Level 3.2(1.6) Fighting
 + Level 4.5(2.8) Maces & Flails
 - Level 3.2(1.6) Armour
 - Level 3.6(2.0) Shields


You had 3 spell levels left.
You didn't know any spells.

Dungeon Overview and Level Annotations

Branches:
Dungeon (3/15)

Altars:
The Shining One


Innate Abilities, Weirdness & Mutations

You are under a permanent stasis effect.
You can dig through walls and to a lower floor.
Your four strong arms can wield two-handed weapons with a shield.
You have a pair of large antennae on your head. (SInv)


Message History

The centaur is moderately wounded.
The centaur hits you but does no damage.
The centaur hits you.
You hit the centaur but do no damage.
The centaur is moderately wounded.
The centaur hits you but does no damage.
You block the adder's attack. The centaur hits you!
You block the adder's attack.
You barely miss the centaur.
The centaur is moderately wounded.
You block the centaur's attack. You block the adder's attack.
The centaur hits you!
* * * LOW HITPOINT WARNING * * *
You block the adder's attack.
You feel very mighty all of a sudden. You block the centaur's attack.
The adder bites you but does no damage. The centaur hits you.
* * * LOW HITPOINT WARNING * * *
The centaur hits you.
You die...

...........
.{.......... ..
........#{ ...
.......
#...##....#
..!.......#
..(.......##
.......<(Sc#
.........#@#
.........#.#
.........#..
.?...........
....>.........
...............
................
####.....#


You could see a centaur and an adder.

Vanquished Creatures
  3 adders (D:2)
  A worm (D:2)
  A dart slug (D:1)
  A leopard gecko (D:2)
  2 ball pythons
  6 bats
  5 giant cockroaches
  7 goblins
  3 hobgoblins (D:1)
  4 jackals (D:1)
  5 kobolds
  4 frilled lizards
  2 rats (D:1)
44 creatures vanquished.

Notes
Turn   | Place    | Note
-------+----------+-------------------------------------------
     0 | D:1      | kae the Formicid Fighter began the quest for the Orb.
     0 | D:1      | Reached XP level 1. HP: 18/18 MP: 1/1
    99 | D:1      | Reached XP level 2. HP: 16/24 MP: 2/2
   256 | D:1      | Reached skill level 3 in Maces & Flails
   640 | D:1      | Reached XP level 3. HP: 28/29 MP: 3/3
   985 | D:2      | Found a glowing golden altar of the Shining One.
  1032 | D:2      | Reached skill level 4 in Maces & Flails
  1032 | D:2      | Reached XP level 4. HP: 31/35 MP: 4/4
  1683 | D:3      | Noticed a centaur
  1692 | D:3      | Slain by a centaur

Skill      XL: |  1  2  3 |
---------------+----------+-----
Maces & Flails | 3 4 |  4.5
Fighting       | |  3.2
Armour         | |  3.2
Shields        | |  3.6

Action                   |  1- 3 |  4- 6 || total
-------------------------+-------+-------++-------
Melee: Flail             |   112 |    72 ||   184
 Abil: Dig               |     2 |       ||     2
  Use: Scroll            |       |     1 ||     1
       Potion            |       |     1 ||     1
  Eat: Chunk             |     1 |     2 ||     3
Armor: Scale mail        |    72 |    32 ||   104
Dodge: Dodged            |    35 |    23 ||    58
Block: Shield            |    71 |    50 ||   121
